 Dungeon Crawl Stone Soup version 0.31.0-11-ge490571c62 (webtiles) character file.

Game seed: 9018948071144355610

49 mandarbmax the Shooter (level 3, -5/31 HPs)
             Began as a Minotaur Hunter on Feb 3, 2024.
             Slain by a gnoll
             ... wielding a +0 halberd
              (12 damage)
             ... on level 2 of the Dungeon.
             The game lasted 00:01:22 (833 turns).

mandarbmax the Shooter (Minotaur Hunter)             Turns: 833, Time: 00:01:23

Health: -5/31      AC:  3    Str: 15    XL:     3   Next: 53%
Magic:  2/2        EV: 12    Int:  6    God:
Gold:   39         SH:  0    Dex: 15    Spells: 2/2 levels left

rFire   . . .        a - +0 shortbow
rCold   . . .        (shield currently unavailable)
rNeg    . . .        c - +0 leather armour
rPois   .            (helmet restricted)
rElec   .            (no cloak)
rCorr   .            (no gloves)
SInv    .            (no boots)
Will    .....        (no amulet)
Stlth   +            (no ring)
HPRegen 0.25/turn    (no ring)
MPRegen 0.08/turn

%: no passive effects
@: no status effects
A: horns 2, retaliatory headbutt
a: no special abilities


You were on level 2 of the Dungeon.
You visited 1 branch of the dungeon, and saw 2 of its levels.

You collected 39 gold pieces.

Inventory:

Hand Weapons
 a - a +0 shortbow (weapon)
Armour
 c - a +0 leather armour (worn)
Scrolls
 b - a scroll of butterflies


   Skills:
 - Level 3.0 Fighting
 + Level 5.6 Ranged Weapons
 - Level 2.1 Dodging
 - Level 0.7 Stealth


You had 2 spell levels left.
You didn't know any spells.
Your spell library was empty.

Dungeon Overview and Level Annotations

Branches:
Dungeon (2/15)

Altars:


Innate Abilities, Weirdness & Mutations

You have a pair of horns on your head.
You reflexively headbutt those who attack you in melee.


Message History

Aim: a gnoll, wielding a +0 halberd (65% to hit)
You shoot an arrow. The arrow barely misses the gnoll.
You hear a shout!
The gnoll barely misses you. The gnoll attacks as it pursues you!
The gnoll closely misses you. The gnoll barely misses you.
The gnoll shouts!
You hear an angry hiss.
The gnoll attacks as it pursues you! The gnoll hits you with a +0 club.
You shoot an arrow. The arrow hits the gnoll.
The gnoll is lightly wounded.
The gnoll hits you with a +0 club. The gnoll misses you.
The gnoll hits you with a +0 club.
The air fills with toxic fumes!
As you read the scroll labelled ARIDEMN SIESI, it crumbles to dust.
It was a scroll of poison.
The gnoll misses you. The gnoll hits you with a +0 club.
You shoot an arrow.
The arrow hits the gnoll but does no damage.
The gnoll is lightly wounded.
The gnoll closely misses you. The gnoll hits you with a +0 club.
The gnoll hits you but does no damage.
You are too injured to fight recklessly!
Unknown command.
Fire: a) +0 shortbow
Press: ? - help, Q - select action Shift-Dir - straight line, f/p - gnoll
Aim: a gnoll, wielding a +0 club (lightly wounded, 65% to hit)
You shoot an arrow. The arrow hits the gnoll.
The gnoll is moderately wounded.
The gnoll barely misses you.
The gnoll hits you from afar with a +0 halberd!
* * * LOW HITPOINT WARNING * * *
Okay, then.
Fire: a) +0 shortbow
Press: ? - help, Q - select action Shift-Dir - straight line, f/p - gnoll
Aim: a gnoll, wielding a +0 club (moderately wounded, 65% to hit)
You shoot an arrow. The arrow hits the gnoll.
The gnoll is moderately wounded.
The gnoll barely misses you.
The gnoll hits you from afar with a +0 halberd!
You die...

#### §.≈. # #..# .....
#.#..# ≈.≈.≈ #.#..#
..§....# #...§#
.≈g≈.≈.≈.## ####§####.#
lgg....§g..# #§§§......#
§.≈.§.≈.§#g###§###.#####
§§†.....§#ggg@§§§#....<#
§.≈.≈.≈.§#§###§#§#######
..§§.g...#†#..§#...#
§§≈§≈.≈.≈..#.#§#...#
§.§§..§..###.#§#..##
≈§§.≈§§.≈##..#§§~..#
§....§...##.#.§§...#
≈.≈.≈.≈...#.#.§§...#
#####.....#.#......#


You could see 4 gnolls.

Vanquished Creatures
  2 gnolls (D:2)
  A dart slug (D:1)
  An endoplasm (D:2)
  2 giant cockroaches (D:1)
  6 hobgoblins
  2 quokkas
  3 ball pythons
  2 bats (D:1)
  4 frilled lizards
  A goblin (D:1)
  2 kobolds (D:1)
  A rat (D:1)
27 creatures vanquished.

Notes
Turn   | Place    | Note
-------+----------+-------------------------------------------
     0 | D:1      | mandarbmax the Minotaur Hunter began the quest for the Orb.
     0 | D:1      | Reached XP level 1. HP: 18/18 MP: 0/0
   167 | D:1      | Reached XP level 2. HP: 26/26 MP: 1/1
   646 | D:1      | Reached skill level 5 in Ranged Weapons
   811 | D:2      | Reached XP level 3. HP: 21/31 MP: 2/2
   833 | D:2      | Slain by a gnoll

Illustrated notes

Levels and vault maps discovered:
D:1:      beargit_arrival_greenhouse, layout_basic
D:2:      layout_basic, serial_rivers, chequers_serial_rivers_small_a,
          chequers_serial_rivers_small_3, chequers_serial_rivers_micro_d,
          chequers_serial_rivers_micro_c, chequers_serial_rivers_small_b,
          kennysheep_crisscross, wander_ebering_terrifying_dragon_lair

Skill      XL: |  1  2 |
---------------+-------+-----
Fighting       | 3 |  3.0
Ranged Weapons | 5 |  5.6
Dodging        | |  2.1
Stealth        | |  0.7

Action                     || total
---------------------------++-------
   Fire: Shortbow          ||    93
    Use: Scroll            ||     1
         Potion            ||     1
 Armour: Leather armour    ||    28
  Dodge: Dodged            ||    39
